 Dungeon Crawl Stone Soup version 0.21.1 (webtiles) character file.

14758 garbagetei the Thaumaturge (level 12, -7/94 HPs)
             Began as a Gnoll Warper on Feb 2, 2018.
             Was a Priest of Okawaru.
             Mangled by a blink frog (43 damage)
             ... on level 1 of the Lair of Beasts.
             The game lasted 01:07:30 (16693 turns).

garbagetei the Thaumaturge (Gnoll Warper)          Turns: 16693, Time: 01:07:30

Health: -7/94      AC: 10    Str: 18    XL:     12   Next: 19%
Magic:  24/24      EV: 20    Int: 17    God:    Okawaru [***...]
Gold:   557        SH:  0    Dex: 17    Spells: 15/28 levels left

rFire    . . .     SeeInvis .   X - +3 flail (crush)
rCold    . . .     Gourm    .   V - +2 shield
rNeg     . . .     Faith    .   S - +0 ring mail of Dogma {rPois Dex+3}
rPois    +         Spirit   .   (no helmet)
rElec    .         Reflect  +   M - +1 cloak {rPois}
rCorr    .         Harm     .   (no gloves)
MR       +....                  (no boots)
Stlth    ++++......             Q - +4 amulet of reflection
HPRegen  0.25/turn              p - ring of protection from magic
MPRegen  0.19/turn              j - ring of flight

@: sleeping, heroism
A: distributed training, fangs 1, strong nose
a: Heroism, Renounce Religion, Evoke Flight


You were on level 1 of the Lair of Beasts.
You worshipped Okawaru.
Okawaru was most pleased with you.
You were not hungry.

You visited 3 branches of the dungeon, and saw 14 of its levels.

You collected 587 gold pieces.
You spent 30 gold pieces at shops.

Inventory:

Hand Weapons
 t - a +2 mace of holy wrath
 F - the +2 fustibalus "Rakk" {flame, Str+2}
   (You found it on level 7 of the Dungeon)

   It causes projectiles fired from it to burn those they strike, causing extra
   injury to most foes and up to half again as much damage against particularly
   susceptible opponents.
   It affects your strength (+2).
 N - a +2 antimagic long sword
 X - a +3 flail of crushing (weapon)
Missiles
 l - 15 javelins (quivered)
 D - 16 tomahawks
 Z - 134 stones
Armour
 b - a +0 leather armour
 M - a +1 cloak of poison resistance (worn)
 S - the +0 ring mail of Dogma (worn) {rPois Dex+3}
   (You took it off a kobold on level 8 of the Dungeon)

   It affects your dexterity (+3).
   It protects you from poison.
 V - a +2 shield (worn)
Jewellery
 j - a ring of flight (right hand)
 n - an uncursed ring of fire
 p - a ring of protection from magic (left hand)
 u - an uncursed amulet of regeneration
 E - an uncursed amulet of rage
 G - an uncursed ring of see invisible
 P - an uncursed ring of protection from fire
 Q - a +4 amulet of reflection (around neck)
 T - an uncursed amulet of guardian spirit
 W - a cursed ring of loudness {unknown}
 Y - the ring of Shadows {Umbra +Inv Stlth+}
   (You took it off a kobold on level 10 of the Dungeon)

   [ring of stealth]

   It lets you turn invisible.
   It makes you more stealthy.
Wands
 q - a wand of paralysis (8)
 B - a wand of polymorph (10)
 I - a wand of disintegration (14)
 J - a wand of flame (39)
Scrolls
 d - 2 scrolls of blinking
 h - 2 scrolls of fear
 i - 3 scrolls of amnesia
 o - 4 scrolls of magic mapping
 r - 2 scrolls of enchant armour
 s - 2 scrolls of fog
 x - a scroll of enchant weapon
 z - 3 scrolls of immolation
 K - 4 scrolls of remove curse
 U - 2 scrolls of teleportation
Potions
 a - a potion of degeneration {unknown}
 e - 3 potions of cancellation
 g - 3 potions of haste
 k - 4 potions of curing
 m - 6 potions of agility
 v - 2 potions of lignification {unknown}
 w - a potion of resistance {unknown}
 A - 3 potions of flight
 C - a potion of heal wounds
 H - a potion of magic
 R - a potion of ambrosia
Books
 c - a book of Spatial Translocations

   Spells                             Type                      Level
   a - Blink                          Translocation                2
   b - Shroud of Golubria             Charms/Translocation         2
   c - Lesser Beckoning               Translocation                3
   d - Gell's Gravitas                Translocation                3
   e - Teleport Other                 Translocation                3
   f - Passage of Golubria            Translocation                4
 y - a book of Necromancy

   Spells                             Type                      Level
   a - Pain                           Necromancy                   1
   b - Animate Skeleton               Necromancy                   1
   c - Vampiric Draining              Necromancy                   3
   d - Regeneration                   Charms/Necromancy            3
   e - Animate Dead                   Necromancy                   4
   f - Borgnjor's Vile Clutch         Necromancy/Earth             5
 L - a book of Misfortune

   Spells                             Type                      Level
   a - Confusing Touch                Hexes                        1
   b - Confuse                        Hexes                        3
   c - Gell's Gravitas                Translocation                3
   d - Petrify                        Transmutation/Earth          4
   e - Metabolic Englaciation         Hexes/Ice                    5
   f - Yara's Violent Unravelling     Hexes/Transmutation          5
 O - a book of Flames

   Spells                             Type                      Level
   a - Flame Tongue                   Conjuration/Fire             1
   b - Throw Flame                    Conjuration/Fire             2
   c - Conjure Flame                  Conjuration/Fire             3
   d - Inner Flame                    Hexes/Fire                   3
   e - Sticky Flame                   Conjuration/Fire             4
   f - Fireball                       Conjuration/Fire             5
Comestibles
 f - 22 rations


   Skills:
 + Level 8.4(13.4) Fighting
 + Level 6.9(11.9) Short Blades
 + Level 6.9(11.9) Long Blades
 + Level 6.9(11.9) Axes
 + Level 8.4(13.4) Maces & Flails
 + Level 6.9(11.9) Polearms
 + Level 6.9(11.9) Staves
 + Level 6.9(11.9) Slings
 + Level 6.9(11.9) Bows
 + Level 6.9(11.9) Crossbows
 + Level 7.4(12.4) Throwing
 + Level 7.4(12.4) Armour
 + Level 8.4(13.4) Dodging
 + Level 6.9(11.9) Stealth
 + Level 6.9(11.9) Shields
 + Level 6.9(11.9) Unarmed Combat
 + Level 8.6 Spellcasting
 + Level 5.7 Conjurations
 + Level 5.7 Hexes
 + Level 5.7 Charms
 + Level 5.7 Summonings
 + Level 5.7 Necromancy
 + Level 8.0 Translocations
 + Level 5.7 Transmutations
 + Level 5.7 Fire Magic
 + Level 5.7 Ice Magic
 + Level 5.7 Air Magic
 + Level 5.7 Earth Magic
 + Level 5.7 Poison Magic
 + Level 7.6 Invocations
 + Level 6.9 Evocations


You had 15 spell levels left.
You knew the following spells:

 Your Spells              Type           Power        Failure   Level  Hunger
a - Blink                 Tloc           N/A          1%          2    None
c - Teleport Other        Tloc           ####....     2%          3    #......
d - Shroud of Golubria    Chrm/Tloc      ####......   1%          2    None
e - Confuse               Hex            ####....     6%          3    #......
f - Conjure Flame         Conj/Fire      ####....     6%          3    #......


Dungeon Overview and Level Annotations

Branches:
Dungeon (12/15)            Temple (1/1) D:4            Lair (1/6) D:10
    Orc: D:9-12

Altars:
Ashenzari
Cheibriados
Dithmenos
Fedhas
Gozag
Kikubaaqudgha
Makhleb
Okawaru
Qazlal
Trog
Uskayaw
Vehumet
Wu Jian
Xom
Yredelemnul
Zin
The Shining One

Shops:
D:5 !

Annotations:
D:9 Psyche
D:11 exclusion: downstairs
D:12 bmj180's ghost, journeyman MiFi


Innate Abilities, Weirdness & Mutations

Your experience applies equally to all skills.
You have very sharp teeth.
Your uncanny sense of smell can sniff out nearby items.


Message History

The satyr is moderately wounded.
The blink frog blinks!
The satyr hits you!!
The satyr plays a frightful melody on his pipes!
The satyr radiates an aura of fear!
You are terrified of the satyr!
The blink frog hits you. You block the blink frog's attack.
The blink frog blinks!
The blink frog blinks!
There is an open door here.
You close the door.
You are no longer terrified.
You block the blink frog's attack. x2
A satyr opens the door.
The blink frog completely misses you.
You open the door. The blink frog misses you.
The satyr plays a lulling melody on his pipes!
You fall asleep.
The blink frog hits you!!!
You die...

.....#..##### .........#
#.........# .........#
#####..#..... .........#
#)## ###. ........#
####..# ###..#.#.
#.##'### ####..#
#......# ##..
#......####### #### ##.
#.....F@.....###.P#####.
#......P###..P..........
######......##
##....).......
+....'......#
###..........
######.Fc...#
#.......... ##'#####
###.†##..## #..#
#..##### ##c## #.P#
###F.#### #.##


You could see a satyr and 2 blink frogs.

Vanquished Creatures
  A hydra (Lair:1)
  5 two-headed ogres
  Erica (D:8)
  An unseen horror (D:10)
  A cyclops (D:11)
  Maurice (D:8)
  Joseph (D:9)
  2 black mambas (Lair:1)
  2 spiny frogs (Lair:1)
  A centaur skeleton (D:11)
  A troll (D:9)
  Grinder (D:3)
  Prince Ribbit (D:7)
  2 hornets
  2 blink frogs (D:10)
  A hippogriff (D:9)
  A shadow (D:11)
  A spriggan (D:9)
  2 wyverns
  4 basilisks
  A steam dragon (D:10)
  Menkaure (D:7)
  A porcupine (Lair:1)
  An orc warrior (D:9)
  2 black bears
  2 ice beasts
  A sky beast (D:8)
  5 ogres
  The ghost of garbagetei the Charmwright, an amateur GnSk (D:3)
  A phantom (D:7)
  2 centaurs
  3 big kobolds
  2 crocodiles (D:10)
  8 bullfrogs
  5 scorpions
  7 wights
  A howler monkey (D:7)
  2 centaur zombies
  2 crimson imps
  2 jellies
  A quasit (D:7)
  8 orc priests
  3 hounds
  Crazy Yiuf (D:7)
  9 orc wizards
  3 bullfrog skeletons
  2 iguanas
  9 worker ants
  A hound skeleton (D:8)
  3 gnolls (D:2)
  A howler monkey skeleton (D:4)
  16 adders
  A shadow imp (D:7)
  An ooze (D:5)
  2 adder zombies
  3 worms
  3 dart slugs
  5 leopard geckos
  46 orcs
  5 giant cockroaches (D:1)
  7 goblins
  5 hobgoblins
  8 jackals
  A quokka (D:2)
  A ball python (D:2)
  7 bats
  2 frilled lizards
  26 kobolds
  2 quokka skeletons
  4 rats
268 creatures vanquished.

Vanquished Creatures (others)
  2 fungi (Lair:1)
  A plant (Lair:1)
3 creatures vanquished.

Grand Total: 271 creatures vanquished

Notes
Turn   | Place    | Note
-------+----------+-------------------------------------------
     0 | D:1      | garbagetei the Gnoll Warper began the quest for the Orb.
     0 | D:1      | Reached XP level 1. HP: 20/20 MP: 6/6
   208 | D:1      | Reached XP level 2. HP: 25/26 MP: 7/7
   996 | D:2      | Reached XP level 3. HP: 31/31 MP: 9/9
  1146 | D:2      | Reached skill level 5 in Spellcasting
  1465 | D:2      | Learned a level 2 spell: Blink
  1469 | D:2      | Learned a level 3 spell: Gell's Gravitas
  1473 | D:2      | Learned a level 3 spell: Teleport Other
  1566 | D:2      | Reached skill level 1 in Invocations
  1618 | D:2      | Reached skill level 1 in Short Blades
  1618 | D:2      | Reached skill level 1 in Long Blades
  1618 | D:2      | Reached skill level 1 in Axes
  1618 | D:2      | Reached skill level 1 in Polearms
  1618 | D:2      | Reached skill level 1 in Staves
  1618 | D:2      | Reached skill level 1 in Slings
  1618 | D:2      | Reached skill level 1 in Bows
  1618 | D:2      | Reached skill level 1 in Crossbows
  1618 | D:2      | Reached skill level 1 in Stealth
  1618 | D:2      | Reached skill level 1 in Shields
  1618 | D:2      | Reached skill level 1 in Unarmed Combat
  1618 | D:2      | Reached skill level 1 in Evocations
  1635 | D:2      | Reached XP level 4. HP: 30/38 MP: 11/11
  2122 | D:2      | Found a glowing golden altar of the Shining One.
  2126 | D:2      | Found an ornate altar of the Wu Jian Council.
  2126 | D:2      | Found a basalt altar of Yredelemnul.
  2126 | D:2      | Found an opulent altar of Gozag.
  2244 | D:3      | Noticed garbagetei's ghost (amateur GnSk)
  2323 | D:3      | Reached skill level 1 in Conjurations
  2323 | D:3      | Reached skill level 1 in Hexes
  2323 | D:3      | Reached skill level 1 in Charms
  2323 | D:3      | Reached skill level 1 in Summonings
  2323 | D:3      | Reached skill level 1 in Necromancy
  2323 | D:3      | Reached skill level 1 in Transmutations
  2323 | D:3      | Reached skill level 1 in Fire Magic
  2323 | D:3      | Reached skill level 1 in Ice Magic
  2323 | D:3      | Reached skill level 1 in Air Magic
  2323 | D:3      | Reached skill level 1 in Earth Magic
  2323 | D:3      | Reached skill level 1 in Poison Magic
  2604 | D:3      | Reached XP level 5. HP: 43/43 MP: 12/12
  3188 | D:3      | Killed garbagetei's ghost
  3188 | D:3      | Reached XP level 6. HP: 29/50 MP: 14/14
  3265 | D:2      | Reached skill level 5 in Fighting
  3265 | D:2      | Reached skill level 5 in Maces & Flails
  3265 | D:2      | Reached skill level 5 in Dodging
  3348 | D:3      | Found a snail-covered altar of Cheibriados.
  3404 | D:3      | Noticed Grinder
  3575 | D:3      | Killed Grinder
  3575 | D:3      | Reached XP level 7. HP: 46/56 MP: 15/15
  3838 | D:4      | Found a glowing silver altar of Zin.
  3995 | D:5      | Entered Level 5 of the Dungeon
  4012 | D:5      | Found Foted's Distillery.
  4043 | D:5      | Bought a potion of curing for 30 gold pieces
  4268 | D:5      | Reached XP level 8. HP: 52/63 MP: 16/16
  4495 | D:5      | Learned a level 2 spell: Shroud of Golubria
  4524 | D:5      | Found a hide-covered altar of Uskayaw.
  5437 | D:7      | Got a steaming fustibalus
  5438 | D:7      | Identified the +2 fustibalus "Rakk" {flame, Str+2} (You found it on level 7 of the Dungeon)
  5919 | D:7      | Found a runed door.
  5960 | D:7      | Noticed a two-headed ogre
  5999 | D:7      | Learned a level 3 spell: Confuse
  6132 | D:7      | Reached XP level 9. HP: 68/69 MP: 18/18
  6151 | D:7      | Noticed Menkaure
  6164 | D:7      | Killed Menkaure
  6330 | D:7      | Noticed Crazy Yiuf
  6344 | D:7      | Killed Crazy Yiuf
  6546 | D:8      | Learned a level 3 spell: Conjure Flame
  6743 | D:8      | Noticed Prince Ribbit
  7105 | D:9      | Reached skill level 5 in Throwing
  7105 | D:9      | Reached skill level 5 in Armour
  7728 | D:8      | Noticed Erica
  7775 | D:8      | Killed Erica
  7775 | D:8      | Reached skill level 5 in Invocations
  7775 | D:8      | Reached XP level 10. HP: 35/77 MP: 17/20
  7804 | D:8      | Got an encrusted ring mail
  7822 | D:8      | Identified the cursed +0 ring mail of Dogma {rPois Dex+3} (You took it off a kobold on level 8 of the Dungeon)
  7880 | D:8      | Noticed Maurice
  8036 | D:8      | Killed Maurice
  8036 | D:8      | Reached skill level 5 in Short Blades
  8036 | D:8      | Reached skill level 5 in Long Blades
  8036 | D:8      | Reached skill level 5 in Axes
  8036 | D:8      | Reached skill level 5 in Polearms
  8036 | D:8      | Reached skill level 5 in Staves
  8036 | D:8      | Reached skill level 5 in Slings
  8036 | D:8      | Reached skill level 5 in Bows
  8036 | D:8      | Reached skill level 5 in Crossbows
  8036 | D:8      | Reached skill level 5 in Stealth
  8036 | D:8      | Reached skill level 5 in Shields
  8036 | D:8      | Reached skill level 5 in Unarmed Combat
  8036 | D:8      | Reached skill level 5 in Evocations
  8129 | D:8      | Noticed a two-headed ogre
  9320 | D:10     | Entered Level 10 of the Dungeon
  9503 | D:10     | Noticed an unseen horror
  9526 | D:10     | Killed an unseen horror
  9610 | D:10     | Found a shadowy altar of Dithmenos.
 11098 | D:9      | Noticed Joseph
 11134 | D:9      | Killed Joseph
 11134 | D:9      | Reached XP level 11. HP: 57/84 MP: 18/22
 11301 | D:9      | Noticed Psyche
 11484 | D:7      | Killed a two-headed ogre
 11600 | D:7      | Killed Prince Ribbit
 11669 | D:7      | Killed a two-headed ogre
 11669 | D:7      | Reached skill level 5 in Conjurations
 11669 | D:7      | Reached skill level 5 in Hexes
 11669 | D:7      | Reached skill level 5 in Charms
 11669 | D:7      | Reached skill level 5 in Summonings
 11669 | D:7      | Reached skill level 5 in Necromancy
 11669 | D:7      | Reached skill level 5 in Transmutations
 11669 | D:7      | Reached skill level 5 in Fire Magic
 11669 | D:7      | Reached skill level 5 in Ice Magic
 11669 | D:7      | Reached skill level 5 in Air Magic
 11669 | D:7      | Reached skill level 5 in Earth Magic
 11669 | D:7      | Reached skill level 5 in Poison Magic
 11810 | D:5      | Found a stormy altar of Qazlal.
 11907 | D:4      | Found a staircase to the Ecumenical Temple.
 11952 | Temple   | Entered the Ecumenical Temple
 12002 | Temple   | Became a worshipper of Warmaster Okawaru
 13210 | D:11     | Noticed a two-headed ogre
 13219 | D:11     | Noticed a two-headed ogre
 13599 | D:11     | Killed a two-headed ogre
 13646 | D:11     | Killed a two-headed ogre
 13646 | D:11     | Reached * piety under Okawaru
 13808 | D:11     | Noticed a cyclops
 13839 | D:11     | Killed a cyclops
 13868 | D:11     | Noticed a two-headed ogre
 13882 | D:11     | Killed a two-headed ogre
 13882 | D:11     | Reached ** piety under Okawaru
 14312 | D:12     | Noticed a cyclops
 14706 | D:12     | Noticed bmj180's ghost (journeyman MiFi)
 15045 | D:12     | Noticed a six-headed hydra
 15490 | D:10     | Found a staircase to the Lair.
 15523 | Lair:1   | Entered Level 1 of the Lair of Beasts
 15626 | Lair:1   | Reached XP level 12. HP: 24/93 MP: 24/24
 15973 | Lair:1   | Noticed a six-headed hydra
 16049 | D:10     | Reached *** piety under Okawaru
 16153 | Lair:1   | Noticed a five-headed hydra
 16165 | Lair:1   | Killed a five-headed hydra
 16677 | Lair:1   | Noticed a satyr
 16677 | Lair:1   | a six-headed hydra changed into a satyr
 16693 | Lair:1   | Mangled by a blink frog

Skill      XL: |  1  2  3  4  5  6  7  8  9 10 11 12 |
---------------+-------------------------------------+-----
Spellcasting   | 5 6 7 8 |  8.6
Invocations    | 1 2 3 4 5 6 7 |  7.6
Short Blades   | 1 2 3 4 5 6 |  6.9
Long Blades    | 1 2 3 4 5 6 |  6.9
Axes           | 1 2 3 4 5 6 |  6.9
Polearms       | 1 2 3 4 5 6 |  6.9
Staves         | 1 2 3 4 5 6 |  6.9
Slings         | 1 2 3 4 5 6 |  6.9
Bows           | 1 2 3 4 5 6 |  6.9
Crossbows      | 1 2 3 4 5 6 |  6.9
Stealth        | 1 2 3 4 5 6 |  6.9
Shields        | 1 2 3 4 5 6 |  6.9
Unarmed Combat | 1 2 3 4 5 6 |  6.9
Evocations     | 1 2 3 4 5 6 |  6.9
Conjurations   | 1 2 3 4 5 |  5.7
Hexes          | 1 2 3 4 5 |  5.7
Charms         | 1 2 3 4 5 |  5.7
Summonings     | 1 2 3 4 5 |  5.7
Necromancy     | 1 2 3 4 5 |  5.7
Transmutations | 1 2 3 4 5 |  5.7
Fire Magic     | 1 2 3 4 5 |  5.7
Ice Magic      | 1 2 3 4 5 |  5.7
Air Magic      | 1 2 3 4 5 |  5.7
Earth Magic    | 1 2 3 4 5 |  5.7
Poison Magic   | 1 2 3 4 5 |  5.7
Throwing       | 3 4 5 6 7 |  7.4
Armour         | 3 4 5 6 7 |  7.4
Fighting       | 5 6 7 8 |  8.4
Maces & Flails | 5 6 7 8 |  8.4
Dodging        | 5 6 7 8 |  8.4
Translocations | 6 7 8 |  8.0

Action                   |  1- 3 |  4- 6 |  7- 9 | 10-12 || total
-------------------------+-------+-------+-------+-------++-------
Melee: Mace              |    98 |   141 |   384 |   153 ||   776
       Bite              |     4 |    11 |    49 |    91 ||   155
       Punch             |       |       |     5 |       ||     5
       Flail             |       |       |       |   477 ||   477
       Scimitar          |       |       |       |    13 ||    13
 Fire: Fustibalus        |       |       |       |    12 ||    12
Throw: Tomahawk          |       |       |     5 |       ||     5
       Javelin           |       |       |     3 |    30 ||    33
 Cast: Gell's Gravitas   |     4 |     3 |     3 |       ||    10
       Teleport Other    |       |     3 |     9 |     1 ||    13
       Blink             |       |       |     1 |     2 ||     3
       Shroud of Golubri |       |       |    15 |    24 ||    39
       Confuse           |       |       |     4 |     1 ||     5
       Conjure Flame     |       |       |       |     6 ||     6
Invok: Heroism           |       |       |       |     6 ||     6
Evoke: Wand              |       |       |       |     3 ||     3
  Use: Scroll            |       |       |     9 |    14 ||    23
       Potion            |       |       |       |     3 ||     3
 Stab: Sleeping          |     1 |       |     3 |     7 ||    11
       Distracted        |       |     1 |       |     1 ||     2
       Confused          |       |       |     6 |       ||     6
  Eat: Ration            |     1 |       |       |     4 ||     5
       Chunk             |       |     6 |    15 |    15 ||    36
Armor: Leather armour    |    14 |    29 |    58 |     4 ||   105
       Ring mail         |       |       |       |   122 ||   122
Dodge: Dodged            |    78 |   106 |   333 |   336 ||   853
Block: Buckler           |       |       |       |    43 ||    43
       Shield            |       |       |       |   219 ||   219
       Reflection        |       |       |       |     2 ||     2
       Rpst.: Scimitar   |       |       |       |     3 ||     3
